 Dungeon Crawl Stone Soup version 0.21-a0-369-g397cdb2 (webtiles) character file.

1311 Humpert the Covert (level 8, -8/42 HPs)
             Began as a Spriggan Assassin on Oct 15, 2017.
             Was an Initiate of Dithmenos.
             Shot with an arrow by a centaur (10 damage)
             ... on level 6 of the Dungeon.
             The game lasted 00:23:35 (8814 turns).

Humpert the Covert (Spriggan Assassin)              Turns: 8814, Time: 00:23:37

Health: -8/42      AC:  3    Str:  7    XL:     8   Next: 32%
Magic:  20/20      EV: 22    Int: 12    God:    Dithmenos [......]
Gold:   81         SH:  4    Dex: 20    Spells: 7/7 levels left

rFire    . . .     SeeInvis +   b - +0 blowgun
rCold    . . .     Gourm    .   (shield restricted)
rNeg     . . .     Faith    .   c - +0 robe
rPois    .         Spirit   .   (helmet restricted)
rElec    .         Reflect  +   E - +0 cloak
rCorr    .         Harm     .   (gloves unavailable)
MR       +....                  (boots unavailable)
Stlth    +++++.....             B - +4 amulet of reflection
HPRegen  0.14/turn              h - ring of magical power
MPRegen  0.17/turn              (no ring)

@: very quick
A: unfitting armour, see invisible, herbivore 3, speed 3, slow metabolism 2
a: Renounce Religion


You were on level 6 of the Dungeon.
You worshipped Dithmenos.
Dithmenos was noncommittal.
You were not hungry.

You visited 2 branches of the dungeon, and saw 7 of its levels.

You collected 361 gold pieces.
You spent 280 gold pieces at shops.

Inventory:

Hand Weapons
 a - a +2 dagger
 b - a +0 blowgun (weapon)
Missiles
 e - 27 poisoned needles (quivered)
 f - 2 curare-tipped needles
Armour
 c - a +0 robe (worn)
 d - a +0 cloak
 E - a +0 cloak (worn)
Jewellery
 h - a ring of magical power (left hand)
 B - a +4 amulet of reflection (around neck)
 G - a +3 amulet of reflection
Wands
 v - a wand of confusion (33/48)
 D - a wand of polymorph (7/24)
Scrolls
 j - a scroll of remove curse
 m - a scroll of amnesia
 q - 3 scrolls of magic mapping {unknown}
 t - 2 scrolls of teleportation {unknown}
 x - a scroll of immolation {unknown}
 y - a scroll of random uselessness {unknown}
 A - a scroll of blinking {unknown}
Potions
 p - a potion of cancellation {unknown}
 s - 4 potions of haste {unknown}
 w - a potion of brilliance {unknown}
 F - 2 potions of curing {unknown}
Books
 r - a book of Cantrips

   Spells                             Type                      Level
   a - Confusing Touch                Hexes                        1
   b - Animate Skeleton               Necromancy                   1
   c - Summon Small Mammal            Summoning                    1
   d - Apportation                    Translocation                1
 C - a book of Misfortune

   Spells                             Type                      Level
   a - Confusing Touch                Hexes                        1
   b - Confuse                        Hexes                        3
   c - Gell's Gravitas                Translocation                3
   d - Petrify                        Transmutation/Earth          4
   e - Metabolic Englaciation         Hexes/Ice                    5
   f - Yara's Violent Unravelling     Hexes/Transmutation          5
Comestibles
 g - 5 bread rations
 l - 4 royal jellies


   Skills:
 * Level 4.0 Fighting
 * Level 6.2 Short Blades
 - Level 2.0 Throwing
 * Level 6.3 Dodging
 * Level 9.5 Stealth
 * Level 3.9 Evocations


You had 7 spell levels left.
You didn't know any spells.

Dungeon Overview and Level Annotations

Branches:
Dungeon (6/15)             Temple (1/1) D:5

Altars:
Ashenzari
Cheibriados
Dithmenos
Elyvilon
Fedhas
Gozag
Hepliaklqana
Makhleb
Nemelex Xobeh
Okawaru
Qazlal
Ru
Sif Muna
Trog
Uskayaw
Vehumet
Wu Jian
Xom
Yredelemnul
Zin
The Shining One

Shops:
D:5 :


Innate Abilities, Weirdness & Mutations

You are very small and have problems with some larger weapons.
You are too small for most types of armour.
You have supernaturally acute eyesight. (SInv)
You are a herbivore.
You cover ground extremely quickly.
You need consume almost no food.


Message History

You kill the worker ant!
Dithmenos accepts your kill.
Firing (i - inventory. (,) - cycle):
e - 29 poisoned needles (quivered)
Press: ? - help, Shift-Dir - straight line, f - jelly
Aim: a jelly (severely wounded)
You shoot a poisoned needle. The poisoned needle hits the jelly.
The jelly is severely wounded.
The centaur shouts!
The centaur wields a shortbow.
The centaur shoots an arrow.
The arrow hits you.
* * * LOW HITPOINT WARNING * * *
Firing (i - inventory. (,) - cycle):
e - 28 poisoned needles (quivered)
Press: ? - help, Shift-Dir - straight line, f/p - jelly
Aim: a jelly (severely wounded)
You shoot a poisoned needle. The poisoned needle hits the jelly.
The jelly is poisoned.
The jelly is severely wounded.
The centaur shoots an arrow.
The arrow completely misses you.
The centaur shoots an arrow.
The arrow completely misses you.
The jelly looks more healthy.
The centaur shoots an arrow.
The arrow hits you!
You die...

......###'###.#
#....##.#.###.#.#
........###....##.....#..>#
.....##............########
.... #.(........c.# ...
#...........(# ..
#......((....# .
#..........†.#
#............#
#)..@.J(.....#
#.......(....#
#...(........#
#............#
##############


You could see a centaur and a jelly.

Vanquished Creatures
  The ghost of theanonym the Skirmisher, an amateur GrBe of Trog (D:4)
  2 ice beasts (D:5)
  2 ogres
  A bullfrog (D:4)
  A scorpion (D:5)
  A howler monkey (D:4)
  Crazy Yiuf (D:5)
  2 hounds
  2 jellies
  2 bullfrog skeletons
  2 orc priests (D:6)
  An iguana (D:5)
  3 orc wizards (D:4)
  5 worker ants
  A hound zombie (D:6)
  A worker ant zombie (D:5)
  7 adders
  2 oozes
  An adder skeleton (D:5)
  4 worms
  2 dart slugs
  3 leopard geckos
  10 orcs
  2 ball pythons
  4 giant cockroaches
  7 goblins
  7 hobgoblins
  2 jackals (D:2)
  5 kobolds
  A quokka (D:3)
  13 bats
  5 frilled lizards
  A leopard gecko zombie (D:3)
  10 rats
114 creatures vanquished.

Notes
Turn   | Place    | Note
-------+----------+-------------------------------------------
     0 | D:1      | Humpert the Spriggan Assassin began the quest for the Orb.
     0 | D:1      | Reached XP level 1. HP: 10/10 MP: 2/2
   175 | D:1      | Reached skill level 6 in Stealth
   270 | D:1      | Reached XP level 2. HP: 14/14 MP: 3/3
   775 | D:1      | Found a glowing golden altar of the Shining One.
   887 | D:2      | Reached XP level 3. HP: 18/18 MP: 4/4
  1151 | D:2      | Found a burning altar of Makhleb.
  1449 | D:2      | Reached skill level 7 in Stealth
  1776 | D:2      | Reached XP level 4. HP: 23/23 MP: 5/5
  1845 | D:2      | Found a glowing silver altar of Zin.
  2067 | D:2      | Found a burning altar of Makhleb.
  2078 | D:2      | Noticed an Executioner
  2082 | D:2      | Noticed a neqoxec
  2082 | D:2      | Noticed a smoke demon
  3260 | D:3      | Found a snail-covered altar of Cheibriados.
  3600 | D:4      | Reached XP level 5. HP: 26/26 MP: 6/6
  3622 | D:4      | Reached skill level 1 in Evocations
  3757 | D:4      | Noticed theanonym's ghost (amateur GrBe)
  4055 | D:4      | Reached XP level 6. HP: 30/30 MP: 8/8
  4146 | D:4      | Reached skill level 8 in Stealth
  5491 | D:4      | Killed theanonym's ghost
  5491 | D:4      | Reached XP level 7. HP: 35/35 MP: 9/9
  5885 | D:4      | Reached skill level 5 in Short Blades
  5885 | D:4      | Reached skill level 5 in Dodging
  5988 | D:5      | Entered Level 5 of the Dungeon
  6364 | D:5      | Found a runed door.
  6525 | D:5      | Found a staircase to the Ecumenical Temple.
  6534 | Temple   | Entered the Ecumenical Temple
  6620 | Temple   | Became a worshipper of Dithmenos the Shadowed
  6747 | D:5      | Found Lotuan's Book Emporium.
  6751 | D:5      | Bought a book of Misfortune for 280 gold pieces
  7582 | D:5      | Noticed Crazy Yiuf
  7586 | D:5      | Killed Crazy Yiuf
  7655 | D:5      | Reached XP level 8. HP: 42/42 MP: 11/11
  8071 | D:6      | Reached skill level 9 in Stealth
  8805 | D:6      | HP: 1/42 [centaur/arrow (5)]
  8814 | D:6      | Shot with an arrow by a centaur

Vault maps used:
D:1:      dpeg_arrival_shrine, tso_altar
D:2:      wad_river_or_something, lemuel_round_altar, overflow_temple_1_default,
          serial_glass, glass_columns_a, glass_columns_c, glass_columns_b,
          glass_columns_a, item_on_display_a, item_on_display_b,
          makhleb_altar_promises_db
D:3:      lemuel_round_altar, kennysheep_big_empty_room,
          kennysheep_generic_room_10
D:5:      minmay_temple_entry_crystal_x, serial_shops, shop, first_bread,
          uniq_crazy_yiuf_cottage
Temple:   compressed_dpeg_circular_temple

Skill      XL: |  1  2  3  4  5  6  7  8 |
---------------+-------------------------+-----
Stealth        | 6 7 8 9 |  9.5
Dodging        | 2 3 4 5 6 |  6.3
Short Blades   | 3 4 5 6 |  6.2
Fighting       | 2 3 4 |  4.0
Evocations     | 1 2 3 |  3.9
Throwing       | |  2.0

Action                   |  1- 3 |  4- 6 |  7- 9 || total
-------------------------+-------+-------+-------++-------
Melee: Dagger            |    90 |   198 |   135 ||   423
 Fire: Blowgun           |    11 |    57 |    61 ||   129
Evoke: Wand              |       |     5 |     6 ||    11
  Use: Scroll            |       |       |    10 ||    10
 Stab: Sleeping          |    17 |    18 |     8 ||    43
       Confused          |       |     2 |     3 ||     5
  Eat: Royal jelly       |       |     1 |       ||     1
       Fruit             |       |       |     3 ||     3
Armor: Robe              |    12 |    21 |     4 ||    37
Dodge: Dodged            |    60 |   158 |   105 ||   323
Block: Other             |       |       |     2 ||     2

Table legend:
 A = Spawn XP
 B = Non-spawn XP
 C = Spawn XP percentage of total XP
 D = Spawn monster count
 E = Non-spawn monster count
 F = Spawn count percentage of total count
 G = Total turns spent on level
                    A         B        C        D         E        F      G
               +---------+---------+-------+---------+---------+-------+---------
         Total |       0 |    1873 |   0.0 |       0 |     114 |   0.0 |  8814
               +---------+---------+-------+---------+---------+-------+---------
           D:1 |       0 |      28 |   0.0 |       0 |      16 |   0.0 |   835
           D:2 |       0 |      94 |   0.0 |       0 |      26 |   0.0 |  1595
           D:3 |       0 |      89 |   0.0 |       0 |      26 |   0.0 |  1344
           D:4 |       0 |     630 |   0.0 |       0 |      20 |   0.0 |  2355
           D:5 |       0 |     619 |   0.0 |       0 |      13 |   0.0 |  1800
           D:6 |       0 |     413 |   0.0 |       0 |      13 |   0.0 |   789
               +---------+---------+-------+---------+---------+-------+---------
